Match 46089466
Unlisted

Match 46089466
End
Kradschützen Motorcycle Team
Selects Italian Combined Arms Battlegroup
Selects Bersaglieri Squad
Bersaglieri Squad
Bersaglieri Squad
Panzergrenadier Squad
Construct Light Support Kompanie
MG34 Team
Fire Support Elements
Flakvierling Half-track
Selects Bersaglieri Bolster
Panzerjäger Mechanized Group
Construct Panzerarmee Kommand
Panzer III L Medium Tank
Nostalgi@
GenObi
0
0

Comments sign in to comment!

No comments posted yet!